[ AOE2 MATCH · #468236174 ]
UnrankedMongols vs Goths
[ REPLAY ANALYSIS · EXTRACTED FROM THE RECORDED GAME ]
Feudal
8:53
Castle
25:35
Imperial
54:26
| APM avg | 41.1 |
| APM peak | 73 |
| eAPM avg | 17.7 |
| Villagers / military | 150 / 174 |
Focus
⚔️ 34.5% · 🌾 65.5%
Scout Cavalry ×109 · Mangudai ×29 · Camel Scout ×14 · Spearman ×7 · Battering Ram ×7 · Mangonel ×3
Feudal
9:53
Castle
25:00
Imperial
53:49
| APM avg | 38.5 |
| APM peak | 100 |
| eAPM avg | 17.1 |
| Villagers / military | 141 / 169 |
Focus
⚔️ 21.6% · 🌾 78.4%
Spearman ×122 · Huskarl ×23 · Knight ×11 · Scout Cavalry ×8 · Militia ×5
Feudal
11:21
Castle
28:14
Imperial
51:09
| APM avg | 45.6 |
| APM peak | 74 |
| eAPM avg | 25.2 |
| Villagers / military | 173 / 466 |
Focus
⚔️ 42.5% · 🌾 57.5%
Skirmisher ×153 · Archer ×135 · Scout Cavalry ×126 · Obuch ×30 · Spearman ×15 · Trade Cart ×14
Feudal
9:14
Castle
23:21
Imperial
47:03
| APM avg | 35.8 |
| APM peak | 72 |
| eAPM avg | 21.5 |
| Villagers / military | 228 / 156 |
Focus
⚔️ 28.9% · 🌾 71.1%
Mangudai ×114 · Camel Scout ×13 · Scout Cavalry ×12 · Knight ×9 · Trebuchet (Packed) ×8 · Trade Cart ×1
Match map
Initial resources + every placement click. Lines = walls · curves = elevation contours. ◆ gold · ⬟ stone · ● berries · ✦ relic · ◌ wall gap
Your base· Open — unwalled flank
Stallion's base· Open — unwalled flank
DJsmomo's base· Open — 4t gap
AnT's base· Open — 1t gap
Smoothed initial terrain · ◌ = detected wall gap · hover for details
Inputs per minute
— Trenches - - Stallion
Build order — Trenches
First 150 of 444 actions detected
| 0:03 | Build | House |
| 0:04 | Build | House |
| 0:08 | Build | House |
| 0:11 | Create | Villager (Male) |
| 0:12 | Create | Villager (Male) |
| 0:12 | Create | Villager (Male) |
| 0:20 | Create | Villager (Male) |
| 1:49 | Create | Villager (Male) |
| 2:09 | Build | Lumber Camp |
| 2:33 | Create | Villager (Male) |
| 2:38 | Create | Villager (Male) |
| 2:48 | Create | Villager (Male) |
| 3:37 | Create | Villager (Male) |
| 3:52 | Create | Villager (Male) |
| 4:14 | Create | Villager (Male) |
| 4:44 | Create | Villager (Male) |
| 4:47 | Create | Villager (Male) |
| 4:54 | Create | Villager (Male) |
| 5:08 | Create | Villager (Male) |
| 5:33 | Build | Mill |
| 5:46 | Create | Villager (Male) |
| 6:05 | Research | Loom |
| 6:26 | Build | Lumber Camp |
| 6:37 | Research | Feudal Age |
| 6:38 | Research | Loom |
| 7:19 | Build | Palisade Wall |
| 7:20 | Build | Palisade Wall |
| 7:22 | Build | Palisade Wall |
| 7:29 | Create | Villager (Male) |
| 7:59 | Build | Barracks |
| 8:02 | Create | Villager (Male) |
| 8:17 | Build | Farm |
| 8:36 | Create | Villager (Male) |
| 8:53 | Age | Feudal Age |
| 9:12 | Create | Villager (Male) |
| 9:26 | Build | Farm |
| 9:31 | Build | Mining Camp |
| 10:17 | Create | Villager (Male) |
| 10:33 | Create | Spearman |
| 10:45 | Build | House |
| 10:50 | Create | Villager (Male) |
| 11:00 | Build | Stable |
| 11:01 | Create | Villager (Male) |
| 11:25 | Create | Villager (Male) |
| 11:32 | Create | Villager (Male) |
| 12:02 | Build | Farm |
| 12:11 | Build | House |
| 12:15 | Build | House |
| 12:20 | Build | Palisade Wall |
| 12:22 | Build | House |
| 12:29 | Build | House |
| 12:31 | Create | Villager (Male) |
| 12:34 | Build | Farm |
| 12:35 | Create | Scout Cavalry |
| 12:36 | Create | Scout Cavalry |
| 12:40 | Build | Farm |
| 12:40 | Create | Villager (Male) |
| 12:41 | Create | Villager (Male) |
| 12:44 | Create | Villager (Male) |
| 12:46 | Create | Villager (Male) |
| 13:12 | Create | Villager (Male) |
| 13:35 | Create | Spearman |
| 13:38 | Create | Scout Cavalry |
| 13:42 | Build | Farm |
| 13:45 | Build | Farm |
| 13:45 | Create | Villager (Male) |
| 13:48 | Create | Villager (Male) |
| 14:20 | Create | Militia |
| 14:20 | Create | Militia |
| 14:54 | Create | Villager (Male) |
| 14:55 | Create | Villager (Male) |
| 14:55 | Create | Villager (Male) |
| 14:57 | Build | Farm |
| 14:57 | Build | Farm |
| 14:57 | Build | Farm |
| 15:21 | Build | Palisade Wall |
| 15:33 | Create | Scout Cavalry |
| 15:33 | Create | Scout Cavalry |
| 15:53 | Create | Villager (Male) |
| 15:56 | Build | Farm |
| 15:58 | Build | Farm |
| 15:59 | Create | Scout Cavalry |
| 16:24 | Research | Bloodlines |
| 16:31 | Build | Blacksmith |
| 16:56 | Create | Villager (Male) |
| 17:00 | Build | Farm |
| 17:09 | Create | Villager (Male) |
| 17:14 | Build | House |
| 17:18 | Build | Farm |
| 17:55 | Research | Scale Barding Armor |
| 17:56 | Research | Forging |
| 18:09 | Create | Scout Cavalry |
| 18:10 | Create | Scout Cavalry |
| 18:11 | Create | Scout Cavalry |
| 18:13 | Build | Farm |
| 18:16 | Build | Farm |
| 18:17 | Create | Spearman |
| 18:36 | Build | House |
| 18:56 | Build | Palisade Wall |
| 19:03 | Create | Villager (Male) |
| 19:04 | Create | Villager (Male) |
| 19:04 | Create | Villager (Male) |
| 19:08 | Create | Scout Cavalry |
| 19:38 | Create | Scout Cavalry |
| 19:39 | Create | Scout Cavalry |
| 19:48 | Build | Farm |
| 19:50 | Build | Farm |
| 19:50 | Build | Farm |
| 19:50 | Build | Farm |
| 19:50 | Build | Farm |
| 19:53 | Create | Scout Cavalry |
| 20:01 | Build | Palisade Wall |
| 20:14 | Research | Double-Bit Axe |
| 20:15 | Create | Villager (Male) |
| 21:00 | Build | Market |
| 21:12 | Create | Villager (Male) |
| 21:18 | Create | Villager (Male) |
| 22:05 | Create | Villager (Male) |
| 22:06 | Create | Villager (Male) |
| 22:06 | Create | Villager (Male) |
| 22:22 | Create | Villager (Male) |
| 22:24 | Create | Scout Cavalry |
| 22:38 | Build | Farm |
| 22:39 | Build | Farm |
| 22:39 | Build | Farm |
| 22:43 | Build | Farm |
| 22:53 | Research | Castle Age |
| 22:58 | Build | Mining Camp |
| 23:49 | Create | Villager (Male) |
| 24:05 | Create | Spearman |
| 24:05 | Create | Spearman |
| 24:12 | Create | Spearman |
| 24:52 | Create | Spearman |
| 25:35 | Age | Castle Age |
| 25:44 | Create | Villager (Male) |
| 25:54 | Create | Villager (Male) |
| 25:58 | Create | Camel Scout |
| 25:58 | Create | Camel Scout |
| 25:59 | Create | Camel Scout |
| 26:05 | Build | Stable |
| 26:51 | Research | Chain Barding Armor |
| 26:52 | Research | Iron Casting |
| 26:57 | Create | Camel Scout |
| 27:39 | Create | Villager (Male) |
| 28:22 | Create | Camel Scout |
| 28:43 | Build | Farm |
| 29:16 | Create | Camel Scout |
| 29:16 | Create | Camel Scout |
| 29:34 | Create | Camel Scout |
| 29:34 | Create | Camel Scout |
Build order — Stallion
First 150 of 389 actions detected
| 0:00 | Create | Villager (Male) |
| 0:01 | Create | Villager (Male) |
| 0:01 | Create | Villager (Male) |
| 0:17 | Research | Loom |
| 0:38 | Create | Villager (Male) |
| 0:38 | Create | Villager (Male) |
| 1:40 | Create | Villager (Male) |
| 1:40 | Create | Villager (Male) |
| 2:08 | Create | Villager (Male) |
| 2:08 | Create | Villager (Male) |
| 2:33 | Create | Villager (Male) |
| 2:34 | Create | Villager (Male) |
| 2:34 | Create | Villager (Male) |
| 2:57 | Create | Villager (Male) |
| 2:58 | Create | Villager (Male) |
| 2:58 | Create | Villager (Male) |
| 3:30 | Create | Villager (Male) |
| 3:30 | Create | Villager (Male) |
| 3:56 | Build | House |
| 4:01 | Build | Barracks |
| 4:05 | Create | Villager (Male) |
| 4:06 | Create | Villager (Male) |
| 4:06 | Create | Villager (Male) |
| 4:21 | Create | Villager (Male) |
| 4:53 | Create | Villager (Male) |
| 4:53 | Create | Villager (Male) |
| 4:54 | Create | Villager (Male) |
| 5:43 | Build | House |
| 6:06 | Build | House |
| 6:47 | Build | Lumber Camp |
| 7:18 | Create | Villager (Male) |
| 7:22 | Create | Militia |
| 7:42 | Research | Feudal Age |
| 7:53 | Build | Palisade Wall |
| 7:59 | Build | Palisade Wall |
| 8:06 | Build | Palisade Wall |
| 8:14 | Build | Palisade Gate |
| 8:21 | Build | Palisade Wall |
| 8:26 | Create | Militia |
| 8:26 | Create | Militia |
| 8:34 | Build | Mining Camp |
| 9:52 | Create | Militia |
| 9:53 | Create | Militia |
| 9:53 | Age | Feudal Age |
| 10:07 | Build | Stable |
| 10:16 | Research | Man-at-Arms (upgrade) |
| 10:17 | Create | Villager (Male) |
| 10:19 | Create | Villager (Male) |
| 10:20 | Create | Villager (Male) |
| 10:21 | Create | Villager (Male) |
| 10:23 | Create | Villager (Male) |
| 11:07 | Build | Mill |
| 12:00 | Build | Mill |
| 12:02 | Create | Villager (Male) |
| 12:02 | Create | Villager (Male) |
| 12:21 | Research | Double-Bit Axe |
| 12:26 | Create | Scout Cavalry |
| 12:26 | Create | Scout Cavalry |
| 12:26 | Create | Scout Cavalry |
| 12:29 | Build | House |
| 13:13 | Create | Villager (Male) |
| 13:16 | Build | House |
| 13:22 | Create | Scout Cavalry |
| 13:40 | Create | Villager (Male) |
| 13:46 | Create | Spearman |
| 13:46 | Create | Spearman |
| 14:06 | Build | House |
| 14:09 | Build | Blacksmith |
| 14:15 | Create | Scout Cavalry |
| 14:17 | Create | Villager (Male) |
| 14:55 | Create | Villager (Male) |
| 14:56 | Create | Villager (Male) |
| 15:02 | Build | House |
| 15:23 | Create | Villager (Male) |
| 15:25 | Create | Scout Cavalry |
| 15:33 | Build | House |
| 15:53 | Create | Villager (Male) |
| 16:03 | Create | Scout Cavalry |
| 16:03 | Create | Scout Cavalry |
| 16:10 | Build | Farm |
| 16:12 | Research | Horse Collar |
| 16:40 | Build | Farm |
| 16:45 | Research | Forging |
| 16:57 | Create | Villager (Male) |
| 17:01 | Build | Farm |
| 17:30 | Build | Farm |
| 17:35 | Research | Bloodlines |
| 18:09 | Create | Villager (Male) |
| 18:09 | Create | Villager (Male) |
| 18:21 | Create | Villager (Male) |
| 18:39 | Build | Farm |
| 18:48 | Build | Farm |
| 18:48 | Build | Farm |
| 18:48 | Build | Farm |
| 18:49 | Build | Farm |
| 18:49 | Build | Farm |
| 18:49 | Build | Farm |
| 18:49 | Build | Farm |
| 18:50 | Build | Farm |
| 18:50 | Build | Farm |
| 18:55 | Build | Farm |
| 18:55 | Build | Farm |
| 18:55 | Build | Farm |
| 18:55 | Build | Farm |
| 18:56 | Build | Farm |
| 18:56 | Build | Farm |
| 18:56 | Build | Farm |
| 18:56 | Build | Farm |
| 18:57 | Build | Farm |
| 18:57 | Build | Farm |
| 18:57 | Build | Farm |
| 19:05 | Build | Palisade Wall |
| 19:10 | Build | Palisade Wall |
| 19:33 | Create | Villager (Male) |
| 19:35 | Build | Farm |
| 19:35 | Build | Farm |
| 19:35 | Build | Farm |
| 19:40 | Create | Villager (Male) |
| 20:02 | Create | Villager (Male) |
| 20:04 | Build | Farm |
| 20:39 | Build | Stable |
| 20:42 | Create | Villager (Male) |
| 20:52 | Build | Palisade Wall |
| 21:09 | Build | Farm |
| 21:28 | Create | Spearman |
| 21:28 | Create | Spearman |
| 21:30 | Create | Villager (Male) |
| 21:30 | Create | Villager (Male) |
| 21:31 | Build | Farm |
| 22:04 | Build | Barracks |
| 22:17 | Create | Spearman |
| 22:18 | Create | Spearman |
| 22:18 | Create | Spearman |
| 22:20 | Research | Castle Age |
| 22:31 | Create | Spearman |
| 22:31 | Create | Spearman |
| 22:49 | Create | Spearman ×3 |
| 23:14 | Research | Scale Mail Armor |
| 24:01 | Research | Scale Barding Armor |
| 24:20 | Build | Mining Camp |
| 24:43 | Research | Gold Mining |
| 24:44 | Research | Stone Mining |
| 25:00 | Age | Castle Age |
| 25:05 | Create | Knight |
| 25:05 | Create | Knight |
| 25:05 | Create | Knight |
| 25:05 | Create | Knight |
| 25:06 | Create | Knight |
| 25:06 | Create | Knight |
| 25:43 | Build | House |
Build order — DJsmomo
First 150 of 620 actions detected
| 0:01 | Create | Villager (Male) ×4 |
| 0:03 | Build | House |
| 0:04 | Build | House |
| 1:44 | Create | Villager (Male) |
| 2:12 | Create | Villager (Male) |
| 2:26 | Create | Villager (Male) |
| 3:39 | Create | Villager (Male) |
| 3:45 | Create | Villager (Male) |
| 4:09 | Create | Villager (Male) |
| 4:32 | Create | Villager (Male) |
| 5:02 | Build | Lumber Camp |
| 5:04 | Create | Villager (Male) |
| 5:16 | Create | Villager (Male) |
| 5:30 | Create | Villager (Male) |
| 6:05 | Create | Villager (Male) |
| 6:45 | Create | Villager (Male) |
| 6:56 | Build | Palisade Gate |
| 7:03 | Create | Villager (Male) |
| 7:43 | Create | Villager (Male) |
| 8:37 | Build | Mill |
| 8:46 | Research | Loom |
| 9:05 | Research | Feudal Age |
| 9:16 | Build | Barracks |
| 9:51 | Build | Mining Camp |
| 11:01 | Create | Villager (Male) |
| 11:21 | Age | Feudal Age |
| 11:24 | Research | Double-Bit Axe |
| 11:25 | Research | Horse Collar |
| 11:28 | Create | Militia |
| 11:29 | Research | Man-at-Arms (upgrade) |
| 11:45 | Create | Spearman |
| 11:54 | Build | House |
| 11:57 | Build | Palisade Wall |
| 11:57 | Build | Palisade Wall |
| 11:59 | Build | Palisade Wall |
| 12:09 | Create | Villager (Male) |
| 12:10 | Create | Spearman |
| 12:16 | Build | House |
| 12:18 | Build | Palisade Wall |
| 12:20 | Build | House |
| 12:22 | Build | Palisade Wall |
| 12:32 | Create | Villager (Male) |
| 12:54 | Create | Spearman |
| 13:03 | Build | Archery Range |
| 13:12 | Create | Spearman |
| 13:33 | Create | Archer |
| 13:48 | Create | Villager (Male) |
| 13:49 | Create | Villager (Male) |
| 13:50 | Create | Archer |
| 14:12 | Create | Archer |
| 14:42 | Create | Archer |
| 15:58 | Create | Villager (Male) |
| 16:01 | Create | Villager (Male) |
| 16:08 | Build | Lumber Camp |
| 16:09 | Create | Villager (Male) |
| 16:12 | Build | Farm |
| 16:12 | Build | Farm |
| 16:12 | Build | Farm |
| 16:14 | Create | Villager (Male) |
| 16:18 | Create | Archer |
| 16:28 | Create | Villager (Male) |
| 16:32 | Build | Blacksmith |
| 16:34 | Build | House |
| 16:35 | Build | House |
| 16:38 | Create | Archer |
| 16:50 | Build | Farm |
| 17:04 | Build | Farm |
| 17:27 | Create | Villager (Male) |
| 17:30 | Research | Fletching |
| 17:42 | Create | Villager (Male) |
| 17:46 | Create | Spearman |
| 17:48 | Create | Spearman |
| 17:53 | Build | Farm |
| 17:54 | Create | Villager (Male) |
| 18:40 | Create | Villager (Male) |
| 18:42 | Create | Archer |
| 19:06 | Create | Archer |
| 19:07 | Create | Villager (Male) |
| 19:11 | Build | House |
| 19:12 | Research | Padded Archer Armor |
| 19:13 | Create | Villager (Male) |
| 19:19 | Build | Mill |
| 19:21 | Build | Farm |
| 19:22 | Build | Farm |
| 19:25 | Build | Farm |
| 19:39 | Create | Villager (Male) |
| 19:42 | Create | Archer |
| 20:27 | Create | Archer |
| 20:40 | Create | Archer |
| 20:41 | Create | Villager (Male) |
| 20:43 | Create | Villager (Male) |
| 21:02 | Create | Villager (Male) |
| 21:04 | Create | Villager (Male) |
| 21:28 | Create | Spearman |
| 22:03 | Create | Villager (Male) |
| 22:08 | Create | Villager (Male) |
| 22:18 | Build | House |
| 22:22 | Research | Wheelbarrow |
| 22:25 | Create | Villager (Male) |
| 22:27 | Build | Farm |
| 22:29 | Create | Spearman |
| 22:30 | Create | Spearman |
| 22:32 | Build | House |
| 22:34 | Build | House |
| 22:35 | Build | House |
| 22:40 | Build | Palisade Gate |
| 22:41 | Build | Palisade Wall |
| 22:45 | Build | House |
| 22:51 | Create | Archer |
| 23:20 | Create | Archer |
| 24:00 | Create | Villager (Male) |
| 24:06 | Build | Farm |
| 24:06 | Build | Farm |
| 24:14 | Build | Market |
| 24:17 | Build | House |
| 24:18 | Build | Archery Range |
| 24:21 | Create | Archer |
| 24:21 | Create | Archer |
| 24:49 | Create | Archer |
| 24:51 | Create | Villager (Male) |
| 25:34 | Research | Castle Age |
| 25:36 | Create | Villager (Male) |
| 25:44 | Build | Mining Camp |
| 25:45 | Create | Villager (Male) |
| 25:50 | Build | Lumber Camp |
| 25:58 | Create | Archer |
| 25:58 | Create | Archer |
| 26:04 | Create | Villager (Male) |
| 26:07 | Build | Farm |
| 26:10 | Build | Mill |
| 26:11 | Build | Farm |
| 26:13 | Create | Archer |
| 26:30 | Create | Spearman |
| 26:31 | Create | Spearman |
| 26:33 | Create | Spearman |
| 27:04 | Create | Villager (Male) |
| 27:32 | Create | Archer |
| 27:32 | Create | Archer |
| 27:38 | Create | Villager (Male) |
| 27:42 | Create | Villager (Male) |
| 27:53 | Create | Villager (Male) |
| 28:04 | Create | Villager (Male) |
| 28:14 | Age | Castle Age |
| 28:14 | Research | Crossbowman (upgrade) |
| 28:15 | Research | Bodkin Arrow |
| 28:21 | Build | University |
| 28:25 | Build | Town Center |
| 28:27 | Create | Archer |
| 28:28 | Create | Archer |
| 29:05 | Research | Pikeman (upgrade) |
Build order — AnT
First 150 of 526 actions detected
| 0:00 | Create | Villager (Male) |
| 0:01 | Create | Villager (Male) |
| 0:01 | Create | Villager (Male) |
| 0:01 | Create | Villager (Male) |
| 1:14 | Create | Villager (Male) |
| 1:49 | Build | Lumber Camp |
| 1:50 | Create | Villager (Male) |
| 2:03 | Create | Villager (Male) |
| 2:36 | Create | Villager (Male) |
| 2:36 | Create | Villager (Male) |
| 2:51 | Create | Villager (Male) |
| 2:51 | Create | Villager (Male) |
| 3:36 | Create | Villager (Male) |
| 4:02 | Research | Loom |
| 4:03 | Create | Villager (Male) |
| 4:20 | Create | Villager (Male) |
| 4:20 | Create | Villager (Male) |
| 4:57 | Build | House |
| 4:59 | Build | Mill |
| 5:17 | Create | Villager (Male) |
| 5:34 | Create | Villager (Male) |
| 5:34 | Create | Villager (Male) |
| 5:56 | Create | Villager (Male) |
| 6:37 | Create | Villager (Male) |
| 6:37 | Create | Villager (Male) |
| 7:04 | Research | Feudal Age |
| 7:17 | Build | House |
| 7:18 | Build | Barracks |
| 8:53 | Create | Villager (Male) |
| 8:54 | Create | Villager (Male) |
| 9:14 | Age | Feudal Age |
| 9:22 | Build | Stable |
| 9:27 | Research | Double-Bit Axe |
| 9:27 | Create | Villager (Male) |
| 9:27 | Create | Villager (Male) |
| 10:02 | Build | House |
| 10:09 | Build | Palisade Wall |
| 10:13 | Build | Palisade Wall |
| 10:20 | Create | Scout Cavalry |
| 10:20 | Create | Scout Cavalry |
| 10:20 | Create | Scout Cavalry |
| 10:21 | Create | Villager (Male) |
| 10:21 | Create | Villager (Male) |
| 10:24 | Research | Horse Collar |
| 10:30 | Build | Palisade Wall |
| 10:31 | Build | Palisade Wall |
| 10:41 | Build | Palisade Wall |
| 10:45 | Create | Villager (Male) |
| 10:50 | Build | Farm |
| 10:53 | Build | Farm |
| 10:55 | Build | Farm |
| 10:59 | Build | Farm |
| 11:04 | Build | Farm |
| 11:11 | Create | Villager (Male) |
| 11:26 | Build | House |
| 11:35 | Build | Palisade Wall |
| 11:38 | Create | Villager (Male) |
| 11:52 | Build | Blacksmith |
| 11:56 | Build | House |
| 12:05 | Create | Villager (Male) |
| 12:06 | Create | Villager (Male) |
| 12:15 | Build | House |
| 12:21 | Build | Palisade Wall |
| 12:42 | Create | Villager (Male) |
| 12:42 | Create | Villager (Male) |
| 12:54 | Build | Palisade Wall |
| 12:56 | Build | Palisade Wall |
| 13:04 | Build | Farm |
| 13:29 | Build | Palisade Wall |
| 13:44 | Create | Villager (Male) |
| 13:46 | Build | Farm |
| 13:51 | Build | Farm |
| 13:54 | Build | Farm |
| 13:54 | Create | Villager (Male) |
| 13:55 | Create | Villager (Male) |
| 13:58 | Build | Farm |
| 13:59 | Create | Villager (Male) |
| 14:07 | Create | Villager (Male) |
| 14:10 | Research | Scale Barding Armor |
| 14:13 | Create | Scout Cavalry |
| 14:13 | Create | Scout Cavalry |
| 14:48 | Build | Farm |
| 14:49 | Build | Farm |
| 14:51 | Create | Scout Cavalry |
| 14:51 | Create | Scout Cavalry |
| 14:52 | Create | Scout Cavalry |
| 14:57 | Build | Farm |
| 14:59 | Build | Farm |
| 15:00 | Build | Farm |
| 15:04 | Create | Villager (Male) |
| 15:44 | Create | Villager (Male) |
| 15:45 | Create | Villager (Male) |
| 15:48 | Build | Farm |
| 15:56 | Build | Mining Camp |
| 16:10 | Create | Scout Cavalry |
| 16:12 | Create | Villager (Male) |
| 16:12 | Create | Villager (Male) |
| 16:14 | Create | Villager (Male) |
| 16:25 | Research | Forging |
| 16:26 | Create | Villager (Male) |
| 16:26 | Create | Villager (Male) |
| 16:38 | Create | Villager (Male) |
| 16:58 | Create | Villager (Male) |
| 16:59 | Create | Villager (Male) |
| 17:05 | Create | Villager (Male) |
| 17:05 | Create | Villager (Male) |
| 17:24 | Create | Villager (Male) |
| 17:27 | Build | House |
| 17:30 | Build | House |
| 17:31 | Build | House |
| 17:56 | Create | Villager (Male) |
| 18:03 | Build | Farm |
| 18:09 | Build | House |
| 18:21 | Build | Watch Tower |
| 18:36 | Create | Scout Cavalry |
| 18:37 | Create | Scout Cavalry |
| 18:37 | Create | Scout Cavalry |
| 18:40 | Research | Bloodlines |
| 18:42 | Create | Villager (Male) |
| 18:42 | Create | Villager (Male) |
| 18:43 | Create | Villager (Male) |
| 19:16 | Create | Villager (Male) |
| 19:16 | Create | Villager (Male) |
| 19:28 | Build | Palisade Gate |
| 19:29 | Create | Villager (Male) |
| 19:29 | Create | Villager (Male) |
| 19:30 | Create | Villager (Male) |
| 19:35 | Create | Villager (Male) |
| 20:00 | Build | Lumber Camp |
| 20:08 | Build | Mill |
| 20:35 | Create | Villager (Male) |
| 20:35 | Create | Villager (Male) |
| 20:41 | Research | Castle Age |
| 20:55 | Build | Market |
| 21:27 | Create | Villager (Male) |
| 21:27 | Create | Villager (Male) |
| 21:28 | Create | Villager (Male) |
| 21:31 | Build | Palisade Gate |
| 21:33 | Build | House |
| 21:44 | Build | Palisade Gate |
| 21:45 | Create | Villager (Male) |
| 21:46 | Create | Villager (Male) |
| 21:53 | Create | Villager (Male) |
| 22:22 | Create | Villager (Male) |
| 22:22 | Create | Villager (Male) |
| 22:45 | Build | Stable |
| 22:53 | Create | Villager (Male) |
| 22:53 | Create | Villager (Male) |
| 23:03 | Create | Villager (Male) |
| 23:21 | Age | Castle Age |
Match timeline
| 4:01 | Stallion · first_building Barracks |
| 7:18 | AnT · first_building Barracks |
| 7:19 | Trenches · wall_segment Palisade Wall x1 |
| 7:20 | Trenches · wall_segment Palisade Wall x1 |
| 7:22 | Trenches · wall_segment Palisade Wall x1 |
| 7:53 | Stallion · wall_segment Palisade Wall x5 |
| 7:59 | Trenches · first_building Barracks |
| 7:59 | Stallion · wall_segment Palisade Wall x4 |
| 8:06 | Stallion · wall_segment Palisade Wall x4 |
| 8:21 | Stallion · wall_segment Palisade Wall x3 |
| 8:53 | Trenches · age_up feudal |
| 9:14 | AnT · age_up feudal |
| 9:16 | DJsmomo · first_building Barracks |
| 9:22 | AnT · first_building Stable |
| 9:53 | Stallion · age_up feudal |
| 10:07 | Stallion · first_building Stable |
| 10:09 | AnT · wall_segment Palisade Wall x1 |
| 10:13 | AnT · wall_segment Palisade Wall x9 |
| 10:30 | AnT · wall_segment Palisade Wall x5 |
| 10:31 | AnT · wall_segment Palisade Wall x3 |
| 10:41 | AnT · wall_segment Palisade Wall x8 |
| 11:00 | Trenches · first_building Stable |
| 11:21 | DJsmomo · age_up feudal |
| 11:35 | AnT · wall_segment Palisade Wall x5 |
| 11:57 | DJsmomo · wall_segment Palisade Wall x1 |
| 11:57 | DJsmomo · wall_segment Palisade Wall x1 |
| 11:59 | DJsmomo · wall_segment Palisade Wall x1 |
| 12:18 | DJsmomo · wall_segment Palisade Wall x1 |
| 12:20 | Trenches · wall_segment Palisade Wall x2 |
| 12:21 | AnT · wall_segment Palisade Wall x7 |
| 12:22 | DJsmomo · wall_segment Palisade Wall x1 |
| 12:54 | AnT · wall_segment Palisade Wall x6 |
| 12:56 | AnT · wall_segment Palisade Wall x18 |
| 13:03 | DJsmomo · first_building Archery Range |
| 13:29 | AnT · wall_segment Palisade Wall x1 |
| 15:21 | Trenches · wall_segment Palisade Wall x1 |
| 18:56 | Trenches · wall_segment Palisade Wall x1 |
| 19:05 | Stallion · wall_segment Palisade Wall x4 |
| 19:10 | Stallion · wall_segment Palisade Wall x4 |
| 20:01 | Trenches · wall_segment Palisade Wall x1 |
| 20:52 | Stallion · wall_segment Palisade Wall x4 |
| 22:27 | Trenches · first_market_buy 100 food |
| 22:41 | DJsmomo · wall_segment Palisade Wall x1 |
| 23:21 | AnT · age_up castle |
| 25:00 | Stallion · age_up castle |
| 25:33 | DJsmomo · first_market_sell 100 food |
| 25:35 | Trenches · age_up castle |
| 25:51 | AnT · first_market_buy 100 stone |
| 28:14 | DJsmomo · age_up castle |
| 29:12 | Trenches · first_market_sell 100 food |
| 29:50 | DJsmomo · first_market_buy 100 wood |
| 29:56 | Trenches · wall_segment Palisade Wall x1 |
| 30:25 | Stallion · first_building Monastery |
| 32:01 | AnT · first_market_sell 100 wood |
| 32:46 | Stallion · first_market_sell 100 wood |
| 32:49 | Stallion · first_market_buy 100 stone |
| 33:07 | Stallion · first_building Castle |
| 33:29 | Trenches · first_building Castle |
| 35:18 | AnT · first_building Castle |
| 36:37 | Trenches · first_building Siege Workshop |
| 39:52 | DJsmomo · first_building Castle |
| 40:49 | DJsmomo · first_building Siege Workshop |
| 41:03 | AnT · first_building Archery Range |
| 41:54 | Trenches · first_building Monastery |
| 47:03 | AnT · age_up imperial |
| 47:56 | Trenches · first_building Archery Range |
| 48:03 | Stallion · tribute_sent a jugador 1 |
| 48:03 | Stallion · tribute_sent a jugador 3 |
| 48:03 | Stallion · tribute_sent a jugador 4 |
| 48:07 | DJsmomo · first_building Stable |
| 51:09 | DJsmomo · age_up imperial |
| 53:49 | Stallion · age_up imperial |
| 54:26 | Trenches · age_up imperial |
| 54:49 | AnT · tribute_sent a jugador 1 |
| 54:49 | AnT · tribute_sent a jugador 2 |
| 54:49 | AnT · tribute_sent a jugador 3 |
| 60:52 | Stallion · tribute_sent a jugador 1 |
| 60:52 | Stallion · tribute_sent a jugador 3 |
| 60:52 | Stallion · tribute_sent a jugador 4 |
| 61:26 | AnT · tribute_sent a jugador 1 |
| 61:26 | AnT · tribute_sent a jugador 2 |
| 61:26 | AnT · tribute_sent a jugador 3 |
| 63:30 | AnT · resign |
[ AI ANALYSIS · 1 CREDIT ]
What really happened in this match?
Wolo.gg analyzes every decision: build order, eco, micro, common mistakes by bracket. Personalized analysis on WhatsApp or Discord in 30 seconds.
Civ guide
Mongols
Perfil
Jugador #17135900